 Dungeon Crawl Stone Soup version 0.19.1 (webtiles) character file.

107 empire the Twirler (level 4, -1/28 HPs)
             Began as a Gargoyle Gladiator on Dec 12, 2016.
             Slain by Sigmund
             ... wielding a +0 scythe
              (4 damage)
             ... on level 3 of the Dungeon.
             The game lasted 00:05:06 (1819 turns).

empire the Twirler (Gargoyle Gladiator)             Turns: 1819, Time: 00:05:07

Health: -1/28      AC:  8    Str: 20    XL:     4   Next: 85%
Magic:  4/4        EV: 11    Int:  8    God:
Gold:   111        SH:  0    Dex: 10    Spells: 0 memorised, 3 levels left

rFire  . . .     SeeInvis .     a - +0 quarterstaff
rCold  . . .     Gourm    .     b - +0 leather armour
rNeg   + . .     Faith    .     (shield currently unavailable)
rPois  ∞         Spirit   .     c - +0 helmet
rElec  +         Reflect  .     g - +0 cloak
rCorr  .         Harm     .     (no gloves)
MR     .....                    (no boots)
Stlth  +.........               (no amulet)
                                (no ring)
                                (no ring)

@: heavily drained
A: negative energy resistance 1, screaming 1, electricity resistance,
unbreathing, petrification resistance, rot immunity, AC +3
a: no special abilities


You were on level 3 of the Dungeon.
You were not hungry.

You visited 1 branch of the dungeon, and saw 3 of its levels.

You collected 111 gold pieces.

Inventory:

Hand Weapons
 a - a +0 quarterstaff (weapon)
 s - a +3 dagger of venom
Missiles
 d - 3 throwing nets (quivered)
 l - 47 arrows
Armour
 b - a +0 leather armour (worn)
 c - a +0 helmet (worn)
 g - a +0 cloak (worn)
Jewellery
 u - an uncursed amulet of harm
Scrolls
 h - 4 scrolls of remove curse
 i - a scroll of identify
 j - a scroll of enchant armour
 v - a scroll of recharging
Potions
 k - 2 potions of curing
 n - a potion of agility
 o - a potion of might {unknown}
 t - a potion of cancellation {unknown}
Comestibles
 f - 2 bread rations
 m - a beef jerky
 p - 5 fruits
 q - a slice of pizza
 r - a meat ration
 w - 4 chunks of flesh


   Skills:
 + Level 3.2(1.7) Fighting
 + Level 3.6(2.0) Staves
 - Level 1.7(0.2) Throwing
 + Level 1.8(0.2) Armour
 + Level 3.2(1.6) Dodging


You had 3 spell levels left.
You didn't know any spells.

Dungeon Overview and Level Annotations

Branches:
Dungeon (3/15)

Altars:
Ru

Annotations:
D:3 Sigmund, Terence


Innate Abilities, Weirdness & Mutations

You are resistant to torment.
Your stone body is resilient. (AC +3)
You are immune to poison.
You resist negative energy. (rN+)
You are resistant to electric shocks. (rElec)
You can survive without breathing.
You are immune to petrification.
You are immune to rotting.
You occasionally shout uncontrollably at your foes.


Message History

You kill the jackal!
The jackal bites you but does no damage.
Sigmund gestures wildly while chanting.
Sigmund flickers and vanishes!
You barely miss the jackal. The jackal barely misses you.
The jackal closely misses you.
You hear some strange, mumbled words.
Something tries to affect you, but you resist.
You closely miss the jackal.
The jackal bites you but does no damage.
Something hits you!
* * * LOW HITPOINT WARNING * * *
The jackal closely misses you.
Okay, then.
It was a potion of mutation.
You feel extremely strange.
You feel the urge to shout.
You feel resistant to hostile enchantments.
You feel less resistant to hostile enchantments.
The jackal closely misses you. Something hits you.
You die...

..# #.# #.#
..##### .g....#
..###.###########
..# #.....g..g{.#
..#
###########.###.#
### #.@h@.#
####h..... ..?..
.... ... ##


You could see Terence, 2 jackals and a goblin.

Vanquished Creatures
  Natasha (D:2)
  3 adders (D:2)
  A worm (D:2)
  3 leopard geckos
  4 orcs (D:3)
  5 bats
  2 giant cockroaches (D:3)
  7 hobgoblins
  A jackal (D:3)
  4 kobolds (D:2)
  A quokka (D:2)
  2 frilled lizards (D:3)
  4 goblins
  6 rats
44 creatures vanquished.

Notes
Turn   | Place    | Note
-------+----------+-------------------------------------------
     0 | D:1      | empire the Gargoyle Gladiator began the quest for the Orb.
     0 | D:1      | Reached XP level 1. HP: 12/12 MP: 1/1
   190 | D:1      | Reached XP level 2. HP: 17/18 MP: 2/2
   747 | D:2      | Reached skill level 1 in Armour
   747 | D:2      | Reached XP level 3. HP: 15/22 MP: 3/3
  1113 | D:2      | Reached XP level 4. HP: 27/28 MP: 4/4
  1133 | D:2      | Noticed Natasha
  1163 | D:2      | Killed Natasha
  1733 | D:3      | Noticed Sigmund
  1746 | D:3      | Found a sacrificial altar of Ru.
  1811 | D:3      | Noticed Terence
  1819 | D:3      | Gained mutation: You occasionally shout uncontrollably at your foes. [potion of mutation]
  1819 | D:3      | Gained mutation: You are resistant to hostile enchantments. (MR+) [potion of mutation]
  1819 | D:3      | Lost mutation: You are resistant to hostile enchantments. (MR+) [potion of mutation]
  1819 | D:3      | Slain by Sigmund

Skill      XL: |  1  2  3 |
---------------+----------+-----
Armour         | 1 |  1.8
Fighting       | 3 |  3.2
Dodging        | 3 |  3.2
Staves         | |  3.6
Throwing       | |  1.7

Action                   |  1- 3 |  4- 6 || total
-------------------------+-------+-------++-------
Melee: Quarterstaff      |    72 |    75 ||   147
  Use: Potion            |     1 |     6 ||     7
       Scroll            |     4 |     3 ||     7
  Eat: Chunk             |     1 |     2 ||     3
Armor: Leather armour    |    25 |    53 ||    78
Dodge: Dodged            |    51 |    87 ||   138
